 Dungeon Crawl Stone Soup version 0.30-a0-1157-g2cc9ac7196 (webtiles) character file.

Game seed: 6895869005269957023

1537 DemonSlayer the Magician (level 8, -5/50 (54) HPs)
             Began as a Demonspawn Earth Elementalist on Apr 24, 2023.
             Was an Initiate of Dithmenos.
             Shot with an arrow by a centaur (14 damage)
             ... on level 6 of the Dungeon.
             The game lasted 00:09:58 (5601 turns).

DemonSlayer the Magician (DsEE)                     Turns: 5601, Time: 00:09:59

HP:   -5/50 (54)    AC:  4    Str: 15    XL:     8   Next: 56%
MP:   24/27         EV: 13    Int: 20    God:    Dithmenos [......]
Gold: 287           SH:  4    Dex: 16    Spells: 10/20 levels left

rFire   . . .        m - +0 dagger
rCold   . . .        (no shield)
rNeg    . . .        a - +1 robe
rPois   .            (helmet restricted)
rElec   .            (no cloak)
rCorr   .            o - +0 pair of gloves
SInv    .            (no boots)
Will    .....        (no amulet)
Stlth   ++           h - +6 ring of strength
HPRegen 0.28/turn    j - ring of magical power
MPRegen 0.20/turn

%: no passive effects
@: marked, drained, invisible
A: antennae 2, demonic guardian 1, big brain 2, condensation shield
a: Renounce Religion


You were on level 6 of the Dungeon.
You worshipped Dithmenos.
Dithmenos was noncommittal.
You visited 2 branches of the dungeon, and saw 7 of its levels.

You collected 287 gold pieces.

Inventory:

Hand Weapons
 m - a +0 dagger (weapon)
Armour
 a - a +1 robe (worn)
 o - a +0 pair of gloves (worn)
Jewellery
 h - a +6 ring of strength (left hand)
 j - a ring of magical power (right hand)
Wands
 n - a wand of iceblast (21)
Scrolls
 d - a scroll of vulnerability
 g - a scroll of blinking
Potions
 e - a potion of lignification
 i - a potion of mutation {unknown}
 p - a potion of curing


   Skills:
 + Level 1.0 Fighting
 + Level 0.8 Short Blades
 + Level 2.9 Dodging
 + Level 3.0 Stealth
 + Level 0.8 Shields
 + Level 0.1 Unarmed Combat
 + Level 6.7 Spellcasting
 + Level 2.0 Conjurations
 + Level 0.8 Transmutations
 + Level 6.5 Earth Magic


You had 10 spell levels left.
You knew the following spells:

 Your Spells              Type           Power      Damage    Failure   Level
a - Sandblast             Erth           64%        2d14      1%          1
b - Passwall              Tmut/Erth      17%        N/A       3%          2
c - Stone Arrow           Conj/Erth      46%        3d9       4%          3
d - Petrify               Tmut/Erth      21%        N/A       22%         4

Your spell library contained the following spells:

 Spells                   Type           Power      Damage    Failure   Level
 Inner Flame              Hex/Fire       6%         N/A       28%         3
 Yara's Violent Unravell  Hex/Tmut       4%         3d4       92%         5
 Enfeeble                 Hex            3%         N/A       100%        7


Dungeon Overview and Level Annotations

Branches:
Dungeon (6/15)             Temple (1/1) D:5

Altars:
Dithmenos
Hepliaklqana
Sif Muna
Trog
Xom


Innate Abilities, Weirdness & Mutations

You have a pair of antennae on your head.
A weak demonic guardian rushes to your aid.
You have an extremely huge brain. (Int +4)
A meltable shield of frost defends you. (SH +4)


Message History

Casting: Stone Arrow (dangerous; 4% risk of failure)
Confirm with . or Enter, or press ? or * to list all spells.
Aiming: Stone Arrow (dangerous; 4% risk of failure)
Press: ? - help, Shift-Dir - straight line, p - wight The stone arrow hits the centaur!
The centaur is severely wounded.
The centaur hits you. The centaur barely misses you. The centaur hits you.
The centaur misses you. The wight closely misses you.
The wight barely misses you.
You swap places.
The centaur wields a +3 shortbow.
The centaur shoots an arrow.
The arrow hits your iron imp!
Your iron imp hits the centaur.
The wight hits you from afar with a +3 trident of freezing.
* * * LOW HITPOINT WARNING * * *
You feel drained. The wight freezes you.
* * * LOW HITPOINT WARNING * * *
Unknown command.
You fade into invisibility!
The centaur shoots an arrow.
The arrow hits your iron imp!
Your iron imp dies!
Your iron imp disappears in a puff of smoke!
The wight closely misses you.
You feel better.
The centaur shoots an arrow.
The arrow hits the white imp!
The white imp dies!
The wight hits you from afar with a +3 trident of freezing.
You feel drained. The wight freezes you. Magic courses through your body.
The centaur shoots an arrow.
The arrow hits you!
* * * LOW HITPOINT WARNING * * *
The wight misses you.
Casting: Stone Arrow (dangerous; 4% risk of failure)
Confirm with . or Enter, or press ? or * to list all spells.
Aiming: Stone Arrow (dangerous; 4% risk of failure)
Press: ? - help, Shift-Dir - straight line, f - ice beast
Aim: an ice beast (unable to see you, 71% to hit)
The stone arrow hits the ice beast!
The ice beast is heavily wounded.
The centaur shoots an arrow.
The arrow hits the ice beast.
The centaur shoots an arrow.
The arrow barely misses the ice beast.
The arrow hits you!
You die...

#....# ####
##.#.# ..#
#.#.# #.# #...#
#####.######..#
#...........z.#
#.###...{..zc.#
#.# ########Y##
#o# #@# #{# #.#
#)# #.# #)# #)#
#o# #)# #.# #.#
#.# #.# #.#
###{{ .o# {{{


You could see an ice beast (unable to see you), a centaur (unable to see you)
and 2 wights.

Vanquished Creatures
  Pikel (D:5)
  A water moccasin (D:4)
  An ice beast (D:5)
  4 scorpions
  A wight (D:6)
  A jelly (D:5)
  A hound (D:6)
  3 iguanas
  A sleepcap (D:5)
  4 gnolls (D:4)
  3 adders
  An ufetubus (D:4)
  A dart slug (D:2)
  6 orcs
  4 endoplasms
  2 giant cockroaches (D:4)
  A goblin (D:3)
  8 hobgoblins
  2 jackals (D:2)
  6 kobolds
  3 quokkas
  6 ball pythons
  3 bats
  3 frilled lizards (D:1)
  8 rats
75 creatures vanquished.

Vanquished Creatures (collateral kills)
  Grinder (D:4)
  A wyvern (D:6)
2 creatures vanquished.

Vanquished Creatures (others)
  A white imp (D:6)
1 creature vanquished.

Grand Total: 78 creatures vanquished

Notes
Turn   | Place    | Note
-------+----------+-------------------------------------------
     0 | D:1      | DemonSlayer the Demonspawn Earth Elementalist began the
                  | quest for the Orb.
     0 | D:1      | Reached XP level 1. HP: 13/13 MP: 3/3
   272 | D:1      | Gained mutation: You have a pair of small antennae on your
                  | head. [demonic ancestry]
   272 | D:1      | Reached XP level 2. HP: 18/19 MP: 0/5
   961 | D:2      | Found a shimmering altar of Xom.
  1005 | D:2      | Identified the +0 robe "Gaqeq" {rElec rPois Stlth-}
  1548 | D:3      | Gained mutation: You have an unusually large brain. (Int
                  | +2) [demonic ancestry]
  1548 | D:3      | Reached XP level 3. HP: 24/24 MP: 6/6
  2118 | D:3      | Noticed a scorpion
  2147 | D:3      | Killed a scorpion
  2148 | D:3      | Gained mutation: A meltable shield of frost defends you.
                  | (SH +4) [demonic ancestry]
  2148 | D:3      | Reached XP level 4. HP: 14/30 MP: 3/8
  2881 | D:4      | Gained mutation: A weak demonic guardian rushes to your
                  | aid. [demonic ancestry]
  2881 | D:4      | Reached XP level 5. HP: 35/35 MP: 9/9
  3137 | D:4      | Noticed a water moccasin
  3148 | D:4      | Killed a water moccasin
  3198 | D:4      | Gained mutation: You have a pair of antennae on your head.
                  | [demonic ancestry]
  3198 | D:4      | Reached XP level 6. HP: 36/42 MP: 11/12
  3330 | D:4      | Noticed Grinder
  3331 | D:4      | Paralysed by Grinder for 3 turns
  3337 | D:4      | Paralysed by Grinder for 5 turns
  3343 | D:4      | Killed Grinder
  3344 | D:4      | Reached skill level 5 in Earth Magic
  3344 | D:4      | Reached XP level 7. HP: 39/47 MP: 13/13
  3727 | D:4      | Learned a level 2 spell: Passwall
  3731 | D:4      | Learned a level 3 spell: Stone Arrow
  3736 | D:4      | Learned a level 4 spell: Petrify
  4082 | D:5      | Entered Level 5 of the Dungeon
  4324 | D:5      | Found a staircase to the Ecumenical Temple.
  4377 | D:5      | Reached skill level 5 in Spellcasting
  5039 | D:5      | Noticed Pikel
  5050 | D:5      | Killed Pikel
  5051 | D:5      | Gained mutation: You have an extremely huge brain. (Int +4)
                  | [demonic ancestry]
  5051 | D:5      | Reached XP level 8. HP: 18/53 MP: 5/17
  5245 | Temple   | Entered the Ecumenical Temple
  5338 | Temple   | Became a worshipper of Dithmenos the Shadowed
  5511 | D:6      | Reached skill level 1 in Fighting
  5511 | D:6      | Reached skill level 1 in Conjurations
  5601 | D:6      | Shot with an arrow by a centaur

Illustrated notes

Levels and vault maps discovered:
D:1:      erik_arrival_blinker_ship, layout_rooms
D:2:      layout_loops_ring, basic_altar
D:3:      layout_loops_ring
D:4:      layout_gridville, uniq_grinder
D:5:      layout_loops_cross, lemuel_temple_firewalk_b, grunt_ministairs_12,
          uniq_pikel
D:6:      layout_loops_ring, gup_sewer_entry_bubbles
Temple:   mainiacjoe_temple_cubbyholes

Skill      XL: |  1  2  3  4  5  6  7  8 |
---------------+-------------------------+-----
Earth Magic    | 3 4 5 6 |  6.5
Stealth        | 2 3 |  3.0
Spellcasting   | 3 4 6 |  6.7
Dodging        | 2 |  2.9
Fighting       | 1 |  1.0
Conjurations   | 2 |  2.0
Short Blades   | |  0.8
Shields        | |  0.8
Unarmed Combat | |  0.1
Transmutations | |  0.8

Action                     |  1- 3 |  4- 6 |  7- 9 || total
---------------------------+-------+-------+-------++-------
  Melee: Unarmed           |    15 |       |       ||    15
         Punch             |     1 |       |       ||     1
         Dagger            |     7 |    12 |     7 ||    26
   Cast: Sandblast         |    58 |    42 |    43 ||   143
         Stone Arrow       |       |       |    26 ||    26
         Passwall          |       |       |     1 ||     1
    Use: Potion            |     6 |       |     5 ||    11
         Scroll            |       |       |    12 ||    12
   Stab: Sleeping          |     2 |       |       ||     2
         Distracted        |       |       |     1 ||     1
 Armour: Robe              |    10 |     5 |     5 ||    20
  Dodge: Dodged            |    38 |    28 |    35 ||   101
  Block: Other             |       |     8 |    11 ||    19

Table legend: (Time is in decaauts)
 A = Elapsed time spent in this place.
 B = Non-inter-level travel time spent in this place.
 C = Inter-level travel time spent in this place.
 D = Time resting spent in this place.
 E = Time spent auto-exploring this place.
 F = Levels seen in this place.
 G = Mean time per level.
                   A        B        C        D        E       F      G
               +--------+--------+--------+--------+--------+-----+--------+
         Total |   5671 |   5287 |    384 |    738 |   3886 |   7 |  810.1 |
       Dungeon |   5541 |   5218 |    323 |    738 |   3818 |   6 |  923.5 |
        Temple |    130 |     69 |     61 |      0 |     68 |   1 |  130.0 |
               +--------+--------+--------+--------+--------+-----+--------+

Top non-repeatable levels by time:
     D:4: 1396 daAuts
     D:3: 1285 daAuts
     D:5: 1231 daAuts
     D:2: 875 daAuts
     D:1: 625 daAuts
  Temple: 130 daAuts
     D:6: 125 daAuts
